 Dungeon Crawl Stone Soup version 0.26-a0-639-g72c4674329 (webtiles) character file.

Game seed: 14785469106373430763

266 Peloso the Shield-Bearer (level 6, 47/47 HPs)
             Began as a Demonspawn Fighter on Sept 18, 2020.
             Got out of the dungeon alive.
             The game lasted 00:04:39 (2491 turns).

Peloso the Shield-Bearer (Demonspawn Fighter)       Turns: 2491, Time: 00:04:39

Health: 47/47      AC:  8    Str: 18    XL:     6   Next: 0%
Magic:  6/6        EV:  7    Int: 15    God:
Gold:   136        SH:  9    Dex: 13    Spells: 5/5 levels left

rFire    . . .     SeeInvis .   a - +0 long sword
rCold    . . .     Faith    .   c - +0 kite shield
rNeg     . . .     Spirit   .   b - +0 scale mail
rPois    +         Reflect  .   (helmet restricted)
rElec    .         Harm     .   (no cloak)
rCorr    .         Rampage  .   (no gloves)
MR       .....                  (no boots)
Stlth    ..........             (no amulet)
HPRegen  0.15/turn              e - ring of poison resistance
MPRegen  0.10/turn              m - +6 ring of intelligence

@: no status effects
A: antennae 1, sharp scales 2
a: no special abilities


You escaped.
You visited 1 branch of the dungeon, and saw 3 of its levels.

You collected 136 gold pieces.

Inventory:

Hand Weapons
 a - a +0 long sword (weapon)
Armour
 b - a +0 scale mail (worn)
 c - a +0 kite shield (worn)
Jewellery
 e - a ring of poison resistance (left hand)
 g - an uncursed amulet of regeneration {unknown}
 k - an uncursed ring of see invisible
 m - a +6 ring of intelligence (right hand)
Scrolls
 f - a scroll of remove curse
 j - a scroll of random uselessness
 l - a scroll of noise
Potions
 d - a potion of might
 h - a potion of berserk rage {unknown}
 i - 2 potions of stabbing {unknown}
 n - a potion of curing


   Skills:
 + Level 3.6 Fighting
 + Level 3.6 Long Blades
 + Level 3.5 Armour
 + Level 0.8 Dodging
 + Level 0.1 Stealth
 + Level 3.9 Shields


You had 5 spell levels left.
You didn't know any spells.
Your spell library was empty.

Dungeon Overview and Level Annotations

Branches:
Dungeon (3/15)

Altars:
Yredelemnul
The Shining One


Innate Abilities, Weirdness & Mutations

You have a pair of small antennae on your head.
You are mostly covered in razor-sharp scales. (AC +2, Slay +2)


Message History

You hit the frilled lizard.
You kill the frilled lizard!
You have reached level 6!
Your experience leads to an increase in your attributes!
Your base attributes are Str 17, Int 9, Dex 13.
Increase (S)trength, (I)ntelligence, or (D)exterity?
You feel stronger.
Your demonic ancestry asserts itself...
A pair of antennae grows on your head!
(D) Dungeon
Where to? (Enter - D:12, ? - help)
What level of the Dungeon? (default 1, ? - help)
There is a stone staircase leading up here.
You climb upwards.
There is a stone staircase leading down here.
There is a stone staircase leading up here.
You climb upwards.
There is a stone staircase leading down here.
There is a staircase leading out of the dungeon here.
Are you sure you want to leave the Dungeon?
This will make you lose the game!
You have escaped!

### #.################
#...............)#########
#.##############.........#
#.# ################.##
###.### #......@......##.#
......# #.8.#######.8.##.#
###.#.# #.............##.#
....#.# #.#####.#####.##.#
#####.####.#≈≈≈#.#;≈≈#.##.#
.......>##.#≈≈≈#.#≈≈≈#.##.#
#.#.#..###.#≈≈≈#.#≈≈≈#.#..#
#.#.#..# #.#####.#####.#.##
#.#.#..# #.............#.#


There were no monsters in sight!

Vanquished Creatures
  Sigmund (D:3)
  4 adders
  3 worms (D:2)
  A dart slug (D:2)
  2 leopard geckos (D:2)
  An orc (D:3)
  8 bats
  7 hobgoblins
  7 jackals (D:2)
  8 kobolds
  2 ball pythons
  4 frilled lizards
  7 goblins
  5 rats
60 creatures vanquished.

Notes
Turn   | Place    | Note
-------+----------+-------------------------------------------
     0 | D:1      | Peloso the Demonspawn Fighter began the quest for the Orb.
     0 | D:1      | Reached XP level 1. HP: 18/18 MP: 1/1
     3 | D:1      | Noticed an electric eel
     8 | D:1      | Noticed an electric eel
   335 | D:1      | Gained mutation: You are partially covered in razor-sharp
                  | scales. (AC +1, Slay +1) [demonic ancestry]
   335 | D:1      | Reached XP level 2. HP: 23/24 MP: 2/2
   912 | D:2      | Found a basalt altar of Yredelemnul.
   955 | D:1      | Reached XP level 3. HP: 9/29 MP: 3/3
  1278 | D:2      | Found a faded altar of an unknown god.
  1414 | D:2      | Gained mutation: You are mostly covered in razor-sharp
                  | scales. (AC +2, Slay +2) [demonic ancestry]
  1414 | D:2      | Reached XP level 4. HP: 34/35 MP: 4/4
  1941 | D:2      | Found a glowing golden altar of the Shining One.
  2216 | D:3      | Noticed Sigmund
  2231 | D:3      | Killed Sigmund
  2231 | D:3      | Reached XP level 5. HP: 18/41 MP: 5/5
  2440 | D:3      | Gained mutation: You have a pair of small antennae on your
                  | head. [demonic ancestry]
  2440 | D:3      | Reached XP level 6. HP: 47/47 MP: 6/6
  2491 | D:$      | Got out of the dungeon alive.

Illustrated notes

Levels and vault maps discovered:
D:1:      arrival_aquarium_b, layout_basic, minmay_misc_feat_tower
D:2:      layout_basic, lemuel_crystal_altar, tso_oasis_becter,
          chequers_ecumenical_altar_grove
D:3:      layout_loops_ring, grunt_ministairs_10, uniq_sigmund, uniq_natasha,
          uniq_terence

Skill      XL: |  1  2  3  4 |
---------------+-------------+-----
Long Blades    | 2 3 |  3.6
Shields        | 3 |  3.9
Armour         | 3 |  3.5
Fighting       | |  3.6
Dodging        | |  0.8
Stealth        | |  0.1

Action                   |  1- 3 |  4- 6 || total
-------------------------+-------+-------++-------
Melee: Long sword        |   100 |    81 ||   181
  Use: Potion            |     1 |       ||     1
       Scroll            |       |     5 ||     5
Armor: Scale mail        |   114 |    56 ||   170
Dodge: Dodged            |    54 |    41 ||    95
Block: Kite shield       |    83 |    56 ||   139
       Rpst.: Long sword |    18 |    13 ||    31

Table legend: (Time is in decaauts)
 A = Elapsed time spent in this place.
 B = Non-inter-level travel time spent in this place.
 C = Inter-level travel time spent in this place.
 D = Time resting spent in this place.
 E = Time spent auto-exploring this place.
 F = Levels seen in this place.
 G = Mean time per level.
                   A        B        C        D        E       F      G
               +--------+--------+--------+--------+--------+-----+--------+
         Total |   2557 |   2435 |    122 |    217 |   1668 |   3 |  852.3 |
       Dungeon |   2557 |   2435 |    122 |    217 |   1668 |   3 |  852.3 |
               +--------+--------+--------+--------+--------+-----+--------+

Top non-repeatable levels by time:
     D:1: 1179 daAuts
     D:2: 961 daAuts
     D:3: 416 daAuts
